 Dungeon Crawl Stone Soup version 0.30.0-19-g36f170ea60 (webtiles) character file.

Game seed: 18036928953895659993

32336 Ijustatesigmund the Gargoyle Aeon (level 13, -7/87 HPs)
             Began as a Gargoyle Fighter on May 26, 2023.
             Was the Champion of Cheibriados.
             Mangled by a white ugly thing (26 damage)
             ... on level 14 of the Dungeon.
             The game lasted 00:27:33 (15947 turns).

Ijustatesigmund the Gargoyle Aeon (GrFi)           Turns: 15947, Time: 00:27:33

Health: -7/87      AC: 29    Str: 36    XL:     13   Next: 63%
Magic:  22/22      EV: 19    Int: 28    God:    Cheibriados [******]
Gold:   1034       SH:  9    Dex: 24    Spells: 8/12 levels left

rFire   . . .        a - +3 flail (vamp)
rCold   . . .        D - +2 buckler
rNeg    + . .        b - +0 acid dragon scales
rPois   ∞            m - +1 helmet
rElec   +            y - +1 cloak {Will+}
rCorr   +            c - +2 pair of gloves {hurl}
SInv    .            (no boots)
Will    +....        (no amulet)
Stlth   ++           J - +4 ring of protection
HPRegen 0.34/turn    z - +5 ring of evasion
MPRegen 0.18/turn

%: no passive effects
@: very slow
A: sickness immunity, AC +9, negative energy resistance 1, electricity
resistance, torment resistance 1, petrification resistance
a: Renounce Religion, Bend Time, Temporal Distortion, Slouch, Step From Time


You were on level 14 of the Dungeon.
You worshipped Cheibriados.
Cheibriados was exalted by your worship.
You visited 2 branches of the dungeon, and saw 15 of its levels.

You collected 1155 gold pieces.
You spent 121 gold pieces at shops.

Inventory:

Hand Weapons
 a - a +3 vampiric flail (weapon)
 u - a +2 flail of protection
 M - a +0 great sword
Missiles
 s - a throwing net (quivered)
Armour
 b - +0 acid dragon scales (worn)
 c - a +2 pair of gloves of hurling (worn)
 m - a +1 helmet (worn)
 y - a +1 cloak of willpower (worn)
 D - a +2 buckler (worn)
Magical Staves
 q - a staff of conjuration
Jewellery
 e - a ring of fire
 g - a ring of protection from fire
 l - a ring of protection from fire
 x - a ring of protection from cold
 z - a +5 ring of evasion (right hand)
 J - a +4 ring of protection (left hand)
 K - a ring of resist corrosion
Wands
 j - a wand of flame (16)
 A - a wand of paralysis (26)
 B - a wand of mindburst (2)
 G - a wand of acid (3)
 H - a wand of roots (2)
Scrolls
 d - 4 scrolls of fog
 i - a scroll of amnesia
 k - 2 scrolls of identify
 n - 2 scrolls of immolation
 t - a scroll of silence
 v - a scroll of blinking
 w - 2 scrolls of enchant weapon
 L - a scroll of brand weapon
Potions
 f - 2 potions of flight
 h - 5 potions of lignification
 o - a potion of cancellation
 p - 2 potions of curing
 C - a potion of invisibility
 E - a potion of attraction
 F - 2 potions of brilliance
 I - a potion of mutation
Miscellaneous
 r - a phantom mirror


   Skills:
 + Level 12.6 Fighting
 + Level 11.4 Maces & Flails
 + Level 7.7 Armour
 + Level 3.3 Dodging
 + Level 6.4 Shields
 - Level 6.4 Conjurations
 + Level 2.4 Ice Magic
 + Level 12.7 Invocations
 - Level 4.2 Evocations


You had 8 spell levels left.
You knew the following spells:

 Your Spells              Type           Power      Damage    Failure   Level
a - Magic Dart            Conj           100%       1d8       1%          1
b - Frozen Ramparts       Ice            26%        1d4       16%         3

Your spell library contained the following spells:

 Spells                   Type           Power      Damage    Failure   Level
 Freeze                   Ice            52%        1d6       5%          1
 Hailstorm                Conj/Ice       24%        3d7       7%          3
 Ozocubu's Armour         Ice            13%        N/A       16%         3
 Mephitic Cloud           Conj/Pois/Air  12%        N/A       19%         3
 Call Imp                 Summ           0%         N/A       22%         2
 Call Canine Familiar     Summ           0%         N/A       38%         3
 Portal Projectile        Hex/Tloc       0%         N/A       38%         3
 Vhi's Electric Charge    Tloc/Air       0%         N/A       38%         3
 Arcjolt                  Conj/Air       9%         1d19      71%         5
 Leda's Liquefaction      Hex/Erth       0%         N/A       80%         4
 Ozocubu's Refrigeration  Ice            6%         4d8       100%        7
 Maxwell's Capacitive Co  Air            0%         ∞         100%        8


Dungeon Overview and Level Annotations

Branches:
Dungeon (14/15)            Temple (1/1) D:5            Lair (0/5) D:8
    Orc (0/2) D:10         Vaults (0/5) D:14

Altars:
Ashenzari
Cheibriados
Dithmenos
Elyvilon
Fedhas
Gozag
Hepliaklqana
Kikubaaqudgha
Makhleb
Nemelex Xobeh
Okawaru
Qazlal
Ru
Sif Muna
Trog
Uskayaw
Vehumet
Wu Jian
Xom
Yredelemnul
Zin
The Shining One
Jiyva

Shops:
D:4 !   D:10 (

Portals:
Ice
Cave: D:14

Annotations:
D:13 3 runed translucent doors, Wusaci's ghost, journeyman MiBe


Innate Abilities, Weirdness & Mutations

You are immune to sickness and miasma.
Your stone body is resilient. (AC +9)
You are immune to poison.
You resist negative energy. (rN+)
You are resistant to electric shocks. (rElec)
You are resistant to unholy torment.
You are immune to petrification.


Message History

The white ugly thing is almost dead.
You hear the loud crackling of a melting archway very nearby.
The white ugly thing basks in the mutagenic energy from its kin and changes!
The white ugly thing misses you.
The purple ugly thing basks in the mutagenic energy from its kin and changes!
The white ugly thing stings you but does no damage.
Something hits you.
You closely miss the white ugly thing.
The white ugly thing punches you but does no damage.
The white ugly thing stings you but does no damage.
Something hits you but does no damage.
You barely miss the white ugly thing.
The white ugly thing punches you but does no damage.
The white ugly thing barely misses you.
You sock the white ugly thing!
The white ugly thing is moderately wounded.
Something hits you but does no damage.
The purple ugly thing basks in the mutagenic energy from its kin and changes!
The white ugly thing completely misses you.
You hit the white ugly thing.
You feel better.
The white ugly thing is moderately wounded.
The white ugly thing stings you. The white ugly thing freezes you!
Something hits you but does no damage.
You sock the white ugly thing!
You feel better.
The white ugly thing is heavily wounded.
You block the white ugly thing's attack.
The white ugly thing stings you. The white ugly thing freezes you!
* * * LOW HITPOINT WARNING * * *
The white ugly thing basks in the mutagenic energy from its kin and changes!
Something hits you but does no damage.
Blink to where?
Press: ? - help, Dir - move target 2 white ugly things come into view.
Found 26 gold pieces.
Found a stone staircase leading down.
As you read the scroll of blinking, it crumbles to dust.
The white ugly thing gurgles horribly! x2
The white ugly thing trunk-slaps you.
* * * LOW HITPOINT WARNING * * *
The white ugly thing freezes you!!
You die...

#........#### .##. .....
.#.. .............>.
######## #....#...#.....
#§§.~..§ . ........... .
#'#'#'#+ ...#....u..#...
#....... ........u......
#∩......
.#...@........#.......
................#'#'#'#'
...#.......#....#)#.#.#[
. ..............########
.........#....# #....
#...........u.# #....
............#u# #####
...........u#{##########
...###....#.##...÷)...


You could see 5 ugly things.

Vanquished Creatures
  A minotaur (shapeshifter) (D:11)
  Josephine (D:14)
  2 vault guards (D:14)
  The ghost of Peloso the Carver, a journeyman MiFi of Okawaru (D:11)
  5 two-headed ogres
  2 centaur warriors (D:14)
  A catoblepas (D:14)
  A boulder beetle (D:12)
  A tengu warrior (D:13)
  2 deep elf pyromancers (D:12)
  8 ugly things
  A cyclops (D:12)
  An elephant (D:7)
  3 manticores
  A gargoyle (D:11)
  An unseen horror (D:12)
  An efreet (D:13)
  A freezing wraith (D:11)
  A tengu conjurer (D:13)
  3 kobold demonologists
  6 trolls
  4 red devils (D:13)
  A hornet (shapeshifter) (D:13)
  5 slime creatures
  2 wyverns
  6 wraiths
  4 shadows
  10 humans (D:14)
  15 yaks
  2 vampires
  7 vampire mosquitoes
  Grum (D:8)
  An acid dragon (D:13)
  3 orc warriors (D:9)
  5 black bears
  3 sky beasts
  An ogre (D:4)
  4 wolves (D:8)
  15 centaurs
  2 phantoms (D:6)
  5 kobold brigands
  4 bullfrogs
  2 necrophages (D:5)
  3 scorpions
  7 wights
  A howler monkey (D:8)
  2 bullfrog zombies (D:5)
  5 hounds
  6 jellies
  A human zombie (D:5)
  2 orc priests
  A gnoll bouda (D:7)
  2 sleepcaps (D:6)
  7 iguanas
  20 orc wizards
  2 scorpion zombies (D:5)
  A howler monkey zombie (D:5)
  A mummy (D:5)
  7 adders
  19 gnolls
  A shadow imp (D:5)
  5 white imps
  2 ufetubi (D:5)
  2 worms
  3 dart slugs
  43 orcs
  4 bats
  6 endoplasms
  4 giant cockroaches
  11 hobgoblins
  30 kobolds
  6 quokkas
  11 ball pythons
  A frilled lizard (D:1)
  7 goblins
  7 rats
376 creatures vanquished.

Notes
Turn   | Place    | Note
-------+----------+-------------------------------------------
     0 | D:1      | Ijustatesigmund the Gargoyle Fighter began the quest for
                  | the Orb.
     0 | D:1      | Reached XP level 1. HP: 14/14 MP: 1/1
   244 | D:1      | Reached XP level 2. HP: 19/19 MP: 2/2
   773 | D:1      | Reached XP level 3. HP: 24/24 MP: 3/3
  1205 | D:2      | Reached XP level 4. HP: 30/30 MP: 4/4
  1784 | D:3      | Found an ornate altar of the Wu Jian Council.
  2008 | D:3      | Found a sacrificial altar of Ru.
  2206 | D:3      | Reached XP level 5. HP: 34/34 MP: 5/5
  2847 | D:3      | Found a glowing silver altar of Zin.
  3002 | D:4      | Reached skill level 5 in Fighting
  3041 | D:4      | Found an iron altar of Okawaru.
  3042 | D:4      | Found Gohuelev's Distillery.
  3071 | D:4      | Bought a potion of cancellation for 88 gold pieces
  3071 | D:4      | Bought a potion of curing for 33 gold pieces
  3211 | D:4      | Reached XP level 6. HP: 40/40 MP: 6/6
  3595 | D:4      | Reached XP level 7. HP: 45/45 MP: 7/7
  3605 | D:4      | Reached skill level 5 in Armour
  3874 | D:5      | Entered Level 5 of the Dungeon
  3885 | D:5      | Found a staircase to the Ecumenical Temple.
  3892 | D:5      | Reached skill level 5 in Maces & Flails
  3903 | Temple   | Entered the Ecumenical Temple
  4119 | Temple   | Became a worshipper of Cheibriados the Contemplative
  4392 | D:5      | Reached skill level 1 in Invocations
  4510 | D:5      | Reached XP level 8. HP: 39/52 MP: 9/9
  4640 | D:5      | Reached * piety under Cheibriados
  5578 | D:5      | Reached ** piety under Cheibriados
  5601 | D:5      | Found an ancient bone altar of Kikubaaqudgha.
  5710 | D:6      | Reached XP level 9. HP: 55/57 MP: 10/12
  5834 | D:6      | Found a sparkling altar of Nemelex Xobeh.
  5949 | D:6      | Found a basalt altar of Yredelemnul.
  6067 | D:6      | Found a glowing golden altar of the Shining One.
  6291 | D:6      | Reached *** piety under Cheibriados
  6461 | D:7      | Reached skill level 5 in Invocations
  6827 | D:7      | Found a bloodstained altar of Trog.
  6985 | D:7      | Reached **** piety under Cheibriados
  7113 | D:8      | Noticed a two-headed ogre
  7126 | D:8      | Killed a two-headed ogre
  7127 | D:8      | Reached skill level 5 in Shields
  7127 | D:8      | Reached XP level 10. HP: 33/65 MP: 14/14
  7510 | D:8      | Found a staircase to the Lair.
  7510 | D:8      | Noticed an elephant
  7534 | D:8      | Identified the +0 robe of Ogudig {rN+ Will+ Dex+5}
  7759 | D:7      | Killed an elephant
  7760 | D:7      | Reached skill level 1 in Dodging
  7975 | D:8      | Noticed Grum
  7998 | D:8      | Killed Grum
  8399 | D:8      | Found a shimmering blue altar of Sif Muna.
  8881 | D:9      | Found a shadowy altar of Dithmenos.
  9187 | D:9      | Reached skill level 1 in Evocations
  9324 | D:9      | Reached skill level 10 in Fighting
  9384 | D:9      | Reached ***** piety under Cheibriados
  9603 | D:10     | Entered Level 10 of the Dungeon
  9631 | D:10     | Reached XP level 11. HP: 64/72 MP: 16/16
  9900 | D:10     | Found Ditic's Armour Boutique.
  9902 | D:10     | Found a staircase to the Orcish Mines.
  9917 | D:10     | Found Wuvvolel's Weapon Boutique.
 10110 | D:10     | Noticed a two-headed ogre
 10116 | D:10     | Killed a two-headed ogre
 10182 | D:10     | Noticed a two-headed ogre
 10191 | D:10     | Killed a two-headed ogre
 11218 | D:11     | Noticed a two-headed ogre
 11227 | D:11     | Killed a two-headed ogre
 11228 | D:11     | Reached skill level 10 in Maces & Flails
 11265 | D:11     | Noticed a minotaur
 11282 | D:11     | Killed a minotaur
 11491 | D:11     | Found a runed translucent gate.
 11492 | D:11     | Found a runed translucent gate.
 11493 | D:11     | Found a runed translucent gate.
 11529 | D:11     | Noticed Peloso's ghost (journeyman MiFi)
 11566 | D:11     | Killed Peloso's ghost
 11567 | D:11     | Reached XP level 12. HP: 68/80 MP: 19/19
 12165 | D:12     | Found a viscous altar of Jiyva.
 12419 | D:11     | Reached skill level 10 in Invocations
 12554 | D:12     | Identified the +1 dagger of Gehenna {elec, Dex+3 SInv}
 13046 | D:12     | Noticed a two-headed ogre
 13054 | D:12     | Killed a two-headed ogre
 13227 | D:12     | Learned a level 1 spell: Magic Dart
 13249 | D:12     | Reached skill level 1 in Conjurations
 13947 | D:13     | Noticed a boulder beetle
 13979 | D:12     | Killed a boulder beetle
 14095 | D:13     | Noticed a tengu warrior
 14113 | D:13     | Killed a tengu warrior
 14161 | D:13     | Found a runed translucent gate.
 14161 | D:13     | Found a runed translucent gate.
 14161 | D:13     | Found a runed translucent gate.
 14162 | D:13     | Noticed a tengu warrior
 14162 | D:13     | Noticed a centaur warrior
 14162 | D:13     | Noticed a tengu warrior
 14162 | D:13     | Noticed Wusaci's ghost (journeyman MiBe)
 14162 | D:13     | Noticed a merfolk impaler
 14164 | D:13     | Noticed a tengu warrior
 14187 | D:13     | Reached skill level 5 in Conjurations
 14317 | D:13     | Reached XP level 13. HP: 87/87 MP: 21/21
 14805 | D:13     | Identified the +5 chain mail "Yqubluil" {Str+4 Stlth+}
 15173 | D:13     | Learned a level 3 spell: Frozen Ramparts
 15384 | D:13     | Found an iron altar of Okawaru.
 15618 | D:14     | Noticed Josephine
 15626 | D:14     | Killed Josephine
 15627 | D:14     | Reached skill level 1 in Ice Magic
 15677 | D:14     | Reached ****** piety under Cheibriados
 15757 | D:14     | Noticed a vault guard
 15771 | D:14     | Killed a vault guard
 15791 | D:14     | Noticed a vault guard
 15815 | D:14     | Killed a vault guard
 15855 | D:14     | Found a gate to the Vaults.
 15918 | D:14     | Found a frozen archway.
 15947 | D:14     | Mangled by a white ugly thing

Illustrated notes

Levels and vault maps discovered:
D:1:      kennysheep_arrival_forest, layout_basic, minmay_three_crescents
D:2:      layout_rooms
D:3:      layout_loops_ring, mainiacjoe_overflow_small_starburst,
          overflow_temple_1_default, zin_treasury, serial_co_window_serial,
          co_window_corner_a, co_window_corner_a, co_window_corner_a,
          co_window_of_opportunity_a, co_window_corner_a, co_window_2corner,
          co_window_corner_b, co_window_unsneaky_path_c, co_window_corner_cb,
          glass_columns_a, glass_columns_a, lemuel_flame_loot_1
D:4:      minmay_bubble_buster, layout_loops_ring, okawaru_metal_pillars_1_2,
          serial_shops, nicolae_shop_industrial_runoff
D:5:      layout_loops_ring, lemuel_mausoleum_altar_kikubaaqudgha,
          minmay_temple_entry_stoned_glass, serial_demonic, serial_demonic_b,
          serial_demonic_c, serial_demonic_g, serial_demonic_b,
          dreamdust_mushroom_princess, minivault_5, minmay_increasing_density
D:6:      layout_rooms, tso_metal_star, nemelex_xobeh_ov_fountains_minmay,
          lemuel_coloured_pillars_altar, grunt_ministairs_13
D:7:      layout_rooms, trog_book, eino_small_chamber_without_monster,
          eino_tiny_chamber, grunt_ministairs_10
D:8:      layout_gridville, led_sif_book, david_lair_generic, uniq_grum
D:9:      layout_loops_cross, mainiacjoe_overflow_tiny_flanked
D:10:     layout_roguey, orc_david_3, minmay_chambers_of_fives
D:11:     layout_gridville, gammafunk_ghost_spectres
D:12:     layout_basic, jiyva_altar_1
D:13:     layout_grid_maze, gammafunk_ghost_fury_of_okawaru, eino_tiny_chamber,
          einodemon_armed_red_devil_minivault
D:14:     layout_loops_cross, ximxim_vaults_locker_room,
          serial_co_window_serial, co_window_paths_b, co_window_corner_a,
          co_window_corner_a, co_window_corner_a, co_window_of_opportunity_a,
          co_window_corner_b, co_window_broadway_c, co_window_corner_b,
          co_window_of_opportunity_b, glass_columns_a,
          portal_ice_cave_entry_ugly_swarm, minmay_misc_feat_x, chequers_jeans,
          uniq_josephine
Temple:   bh_familiar_temple

Skill      XL: |  1  2  3  4  5  6  7  8  9 10 11 12 13 |
---------------+----------------------------------------+-----
Fighting       | 4 5 6 7 8 10 11 12 | 12.6
Maces & Flails | 3 4 5 6 7 9 10 11 | 11.4
Armour         | 4 5 6 7 |  7.7
Invocations    | 1 4 6 7 9 11 12 | 12.7
Shields        | 5 6 |  6.4
Dodging        | 2 3 |  3.3
Evocations     | 2 4 |  4.2
Conjurations   | 5 6 |  6.4
Ice Magic      | 2 |  2.4

Action                     |  1- 3 |  4- 6 |  7- 9 | 10-12 | 13-15 || total
---------------------------+-------+-------+-------+-------+-------++-------
  Melee: Flail             |   111 |   198 |   453 |   653 |   295 ||  1710
  Throw: Throwing net      |       |       |       |     3 |       ||     3
 Invoke: Slouch            |       |       |       |     2 |       ||     2
  Evoke: Wand              |       |       |       |    29 |     3 ||    32
    Use: Potion            |     2 |     1 |     5 |     2 |       ||    10
         Scroll            |     5 |     5 |     9 |     9 |     3 ||    31
   Stab: Fleeing           |       |       |     1 |       |       ||     1
         Invisible         |       |       |       |     4 |       ||     4
         Paralysed         |       |       |       |     5 |       ||     5
         Held in net/web   |       |       |       |     2 |       ||     2
         Petrified         |       |       |       |       |     6 ||     6
         Petrifying        |       |       |       |       |     1 ||     1
 Armour: Scale mail        |    39 |       |       |       |       ||    39
         Chain mail        |    37 |   135 |   309 |   434 |    23 ||   938
         Acid dragon scale |       |       |       |       |    97 ||    97
  Dodge: Dodged            |    43 |    76 |   201 |   378 |   160 ||   858
  Block: Buckler           |    26 |    41 |   144 |   312 |    95 ||   618
